 Dungeon Crawl Stone Soup version 0.32-a0-818-gb728d0252e (webtiles) character file.

Game seed: 18148934585597201206

347 BubbleThief the Shooter (level 6, -2/47 HPs)
             Began as a Coglin Hunter on Mar 24, 2024.
             Slain by a kobold
             ... wielding a +0 club
              (3 damage)
             ... on level 3 of the Dungeon.
             The game lasted 00:04:36 (2085 turns).

BubbleThief the Shooter (Coglin Hunter)             Turns: 2085, Time: 00:04:37

Health: -2/47      AC:  3    Str: 12    XL:     6   Next: 59%
Magic:  6/6        EV: 11    Int:  8    God:
Gold:   86         SH:  0    Dex: 19    Spells: 5/5 levels left

rFire   . . .        a - +2 sling {Yongsun}
rCold   . . .        d - +0 sling {Edmée}
rNeg    . . .        c - +0 leather armour
rPois   .            (no helmet)
rElec   .            (no cloak)
rCorr   .            (no gloves)
SInv    .            (no boots)
Will    .....        (amulet unavailable)
Stlth   ++           (ring unavailable)
HPRegen 0.27/turn    (ring unavailable)
MPRegen 0.10/turn    (no gizmo)

%: no passive effects
@: invisible, revved
A: off-hand wielding, slow wielding, warmup strikes, no jewellery
a: Invent Gizmo


You were on level 3 of the Dungeon.
You visited 1 branch of the dungeon, and saw 3 of its levels.
You also visited: Sewer.

You collected 86 gold pieces.

Inventory:

Hand Weapons
 a - a +2 sling (weapon) {Yongsun}
 d - a +0 sling (offhand) {Edmée}
Armour
 c - a +0 leather armour (worn)
Scrolls
 b - 2 scrolls of butterflies
 e - a scroll of poison {unknown}
 f - 2 scrolls of vulnerability {unknown}
 j - a scroll of teleportation {unknown}
 l - 4 scrolls of identify {unknown}
 r - a scroll of immolation {unknown}
Potions
 g - 2 potions of invisibility
 h - a potion of curing {unknown}
 i - 3 potions of haste {unknown}
 k - 2 potions of heal wounds {unknown}
 m - a potion of berserk rage {unknown}
 n - a potion of ambrosia {unknown}
 o - 2 potions of might
 p - a potion of cancellation {unknown}
 q - a potion of mutation {unknown}


   Skills:
 - Level 3.0 Fighting
 * Level 6.6 Ranged Weapons
 - Level 1.7 Dodging
 - Level 0.7 Stealth


You had 5 spell levels left.
You didn't know any spells.
Your spell library contained the following spells:

 Spells                   Type           Power      Damage    Failure   Level
 Cigotuvi's Dreadful Rot  Necr/Alch/Air  0%         N/A       63%         2
 Stone Arrow              Conj/Erth      0%         3d7       86%         3
 Animate Armour           Summ/Erth      0%         N/A       99%         4
 Dispel Undead            Necr           0%         3d6       99%         4
 Martyr's Knell           Necr/Summ      0%         N/A       99%         4
 Lehudib's Crystal Spear  Conj/Erth      0%         10d2      100%        8


Dungeon Overview and Level Annotations

Branches:
Dungeon (3/15)              Sewer (visited)

Altars:


Innate Abilities, Weirdness & Mutations

You can wield a second weapon in your off-hand.
It takes a long time for you to wield or remove held weapons.
Your first few attacks do less damage.
You cannot equip rings or amulets.


Message History

Aim: a kobold, wielding a +0 club (unable to see you, 59% to hit)
You shoot a sling bullet.
The sling bullet hits the kobold but does no damage.
You shoot a sling bullet. The sling bullet hits the kobold.
You kill the kobold!
The gnoll barely misses you. The kobold barely misses you.
The gnoll closely misses you. The gnoll misses you.
Fire: a) +2 sling {Yongsun}
Press: ? - help, Shift-Dir - straight line, f - gnoll
Aim: a gnoll, wielding a +0 spear (severely wounded, unable to see you, 69% to hit)
You shoot a sling bullet.
The sling bullet hits the gnoll but does no damage.
The gnoll is severely wounded.
You shoot a sling bullet. The sling bullet hits the gnoll.
You kill the gnoll!
The kobold misses you. The kobold barely misses you. The gnoll misses you.
The gnoll barely misses you.
Unknown command.
Fire: a) +2 sling {Yongsun}
Press: ? - help, Shift-Dir - straight line, f - gnoll
Aim: a gnoll, wielding a +0 club (severely wounded, unable to see you, 69% to hit)
You shoot a sling bullet. The sling bullet hits the gnoll.
You kill the gnoll!
You shoot a sling bullet. The kobold hits you with a +0 club.
* * * LOW HITPOINT WARNING * * *
The kobold barely misses you.
The kobold brigand hits you with a +0 short sword.
* * * LOW HITPOINT WARNING * * *
The gnoll barely misses you. The gnoll closely misses you.
Unknown command.
Fire: a) +2 sling {Yongsun}
Press: ? - help, Shift-Dir - straight line, f - kobold brigand
Aim: a kobold brigand, wielding a +0 short sword and quivering poisoned darts (severely wounded, unable to see you, 59% to hit)
You shoot a sling bullet.
The sling bullet hits the kobold brigand.
The kobold brigand is severely wounded.
You shoot a sling bullet.
The sling bullet barely misses the kobold brigand.
The kobold hits you with a +0 club.
You die...

~~≈≈≈≈≈≈≈≈≈≈≈≈≈≈≈≈≈≈≈≈
######################
#÷...)..#...........
#(.....)'...........
#########........... ##'
.#..........######## ..(.
.'..........# .....
.#..........########......
#########.......@)..)..# '
# .....)'......KKKg.(..# #
.....)#.........g....# #
######################


You could see a kobold brigand (unable to see you), 2 gnolls and 2 kobolds.

Vanquished Creatures
  3 jellies (Sewer)
  Natasha (D:3)
  6 gnolls (D:3)
  3 adders
  2 river rats (Sewer)
  An adder skeleton (D:3)
  2 adder zombies (D:3)
  3 dart slugs
  A ribbon worm (D:2)
  4 bats
  10 endoplasms
  12 giant cockroaches
  4 goblins
  4 hobgoblins (D:1)
  9 jackals
  3 quokkas
  3 ball pythons (Sewer)
  A ball python zombie (D:3)
  8 frilled lizards
  23 kobolds
  A quokka skeleton (D:3)
  A quokka zombie (D:3)
  8 rats
113 creatures vanquished.

Notes
Turn   | Place    | Note
-------+----------+-------------------------------------------
     0 | D:1      | BubbleThief the Coglin Hunter began the quest for the Orb.
     0 | D:1      | Reached XP level 1. HP: 16/16 MP: 1/1
   103 | D:1      | Reached XP level 2. HP: 22/22 MP: 2/2
   189 | D:1      | Found a faded altar of an unknown god.
   454 | D:1      | Reached skill level 4 in Ranged Weapons
   853 | D:1      | Reached XP level 3. HP: 28/28 MP: 3/3
  1146 | D:2      | Reached XP level 4. HP: 34/34 MP: 4/4
  1157 | D:2      | Identified the +2 spear of the Little People {heavy, Str+6}
  1225 | D:2      | You fall into a shaft and drop 1 floor!
  1249 | D:3      | Found a glowing drain.
  1268 | Sewer    | Entered a sewer
  1356 | Sewer    | Reached skill level 5 in Ranged Weapons
  1363 | Sewer    | Reached XP level 5. HP: 12/41 MP: 5/5
  1554 | Sewer    | Found a viscous altar of Jiyva.
  1627 | D:3      | Reached skill level 6 in Ranged Weapons
  1661 | D:3      | Reached XP level 6. HP: 47/47 MP: 6/6
  1720 | D:3      | Noticed Natasha
  1732 | D:3      | Killed Natasha
  1843 | D:3      | Identified the +5 dagger of the Divine God {pain, Str+4}
  2084 | D:3      | HP: 1/47 [kobold brigand/+0 short sword (5)]
  2085 | D:3      | Slain by a kobold

Illustrated notes

Levels and vault maps discovered:
D:1:      saegor_arrival_under_anarchy, layout_loops_ring,
          serial_co_window_serial, co_window_paths_b, co_window_paths_b,
          co_window_of_opportunity_a, co_window_paths_a, co_window_corner_a,
          co_window_of_opportunity_b, co_window_broadway_b,
          co_window_broadway_a, co_window_paths_e, co_window_4corner_b,
          glass_columns_c, glass_columns_b, glass_columns_b,
          shapermc_ecumenical_altar_ellora, amethyst_killhole
D:2:      layout_loops_ring, glass_columns_b
D:3:      minmay_goblin_kobold_castle, layout_basic,
          mainiacjoe_overflow_surrounded_room, gup_sewer_entry_pipe,
          dilly_guarded_unrand_morg

Skill      XL: |  1  2  3  4  5 |
---------------+----------------+-----
Ranged Weapons | 4 5 6 |  6.6
Fighting       | 3 |  3.0
Dodging        | |  1.7
Stealth        | |  0.7

Action                     |  1- 3 |  4- 6 || total
---------------------------+-------+-------++-------
   Fire: Sling             |   132 |   342 ||   474
    Use: Potion            |       |     2 ||     2
 Armour: Leather armour    |     9 |    61 ||    70
  Dodge: Dodged            |    11 |    53 ||    64

Table legend: (Time is in decaauts)
 A = Elapsed time spent in this place.
 B = Non-inter-level travel time spent in this place.
 C = Inter-level travel time spent in this place.
 D = Time resting spent in this place.
 E = Time spent auto-exploring this place.
 F = Levels seen in this place.
 G = Mean time per level.
                   A        B        C        D        E       F      G
               +--------+--------+--------+--------+--------+-----+--------+
         Total |   2156 |   2119 |     37 |      0 |   1602 |   4 |  539.0 |
       Dungeon |   1793 |   1756 |     37 |      0 |   1353 |   3 |  597.7 |
         Sewer |    363 |    363 |      0 |      0 |    249 |   1 |  363.0 |
               +--------+--------+--------+--------+--------+-----+--------+

Top non-repeatable levels by time:
     D:1: 1140 daAuts
     D:3: 552 daAuts
   Sewer: 363 daAuts
     D:2: 101 daAuts
